 Dungeon Crawl Stone Soup version 0.30-a0-557-ge2afbf3030 (webtiles) character file.

Game seed: 5515402155903853214

1782 billz999 the Skirmisher (level 9, -2/69 HPs)
             Began as a Gnoll Hunter on Dec 27, 2022.
             Was a Believer of Qazlal.
             Slain by a killer bee (8 damage)
             ... on level 6 of the Dungeon.
             The game lasted 00:08:58 (5693 turns).

billz999 the Skirmisher (Gnoll Hunter)              Turns: 5693, Time: 00:08:58

Health: -2/69      AC:  5    Str: 16    XL:     9   Next: 8%
Magic:  15/15      EV: 15    Int:  9    God:    Qazlal [**....]
Gold:   182        SH:  3    Dex: 20    Spells: 16/16 levels left

rFire   . . .      SeeInvis .    a - +1 shortbow (heavy)
rCold   . . .      Faith    .    (shield currently unavailable)
rNeg    . . .      Spirit   .    c - +0 leather armour
rPois   .          Reflect  .    (no helmet)
rElec   .          Harm     .    g - +1 cloak
rCorr   .          Rampage  .    (no gloves)
Will    +....                    (no boots)
Stlth   ++                       l - amulet of the acrobat
HPRegen 0.31/turn                v - +6 ring of strength
MPRegen 0.14/turn                p - ring of willpower

@: lethally poisoned (-2 -> -3)
A: fangs 1, strong nose, distributed training
a: Renounce Religion, Upheaval


You were on level 6 of the Dungeon.
You worshipped Qazlal.
Qazlal was pleased with you.
You visited 1 branch of the dungeon, and saw 7 of its levels.

You collected 182 gold pieces.

Inventory:

Hand Weapons
 a - a +1 heavy shortbow (weapon)
 r - a +1 shortbow
 A - a +2 whip of electrocution
Missiles
 w - a throwing net
Armour
 c - a +0 leather armour (worn)
 g - a +1 cloak (worn)
Jewellery
 l - an amulet of the acrobat (around neck)
 p - a ring of willpower (right hand)
 v - a +6 ring of strength (left hand)
 x - a ring of poison resistance
Wands
 q - a wand of flame (8)
 z - a wand of charming (16)
Scrolls
 b - a scroll of immolation
 f - a scroll of noise
 i - a scroll of blinking
 m - 3 scrolls of enchant armour
 o - a scroll of teleportation
 u - a scroll of vulnerability {unknown}
 y - 2 scrolls of amnesia {unknown}
Potions
 d - 2 potions of flight {unknown}
 e - a potion of attraction {unknown}
 h - 3 potions of haste {unknown}
 j - 2 potions of mutation {unknown}
 k - 6 potions of brilliance {unknown}
 n - 3 potions of heal wounds {unknown}
 s - 2 potions of degeneration {unknown}
 t - a potion of invisibility {unknown}


   Skills:
 + Level 6.2 Fighting
 + Level 4.0 Short Blades
 + Level 4.0 Long Blades
 + Level 4.0 Axes
 + Level 4.0 Maces & Flails
 + Level 4.0 Polearms
 + Level 4.0 Staves
 + Level 9.5 Ranged Weapons
 + Level 4.0 Throwing
 + Level 4.0 Armour
 + Level 6.2 Dodging
 + Level 4.7 Stealth
 + Level 4.0 Shields
 + Level 4.0 Unarmed Combat
 + Level 4.0 Spellcasting
 + Level 3.3 Conjurations
 + Level 3.3 Hexes
 + Level 3.3 Summonings
 + Level 3.3 Necromancy
 + Level 3.3 Translocations
 + Level 3.3 Transmutations
 + Level 3.3 Fire Magic
 + Level 3.3 Ice Magic
 + Level 3.3 Air Magic
 + Level 3.3 Earth Magic
 + Level 3.3 Poison Magic
 + Level 4.4 Invocations
 + Level 4.0 Evocations


You had 16 spell levels left.
You didn't know any spells.
Your spell library contained the following spells:

 Spells                   Type           Power      Damage    Failure   Level
 Summon Small Mammal      Summ           28%        N/A       9%          1
 Call Canine Familiar     Summ           7%         N/A       24%         3
 Dazzling Flash           Conj/Hex       14%        N/A       24%         3
 Summon Guardian Golem    Hex/Summ       7%         N/A       24%         3
 Vhi's Electric Charge    Tloc/Air       14%        N/A       24%         3
 Iskenderun's Mystic Bla  Conj/Tloc      7%         2d4       63%         4
 Agony                    Necr           7%         N/A       92%         5
 Arcjolt                  Conj/Air       3%         1d13      92%         5
 Silence                  Hex/Air        3%         N/A       92%         5
 Starburst                Conj/Fire      3%         6d3       100%        6
 Maxwell's Capacitive Co  Air            3%         ∞         100%        8


Dungeon Overview and Level Annotations

Branches:
Dungeon (7/15)             Temple (0/1) D:5

Altars:
Ashenzari
Elyvilon
Hepliaklqana
Makhleb
Nemelex Xobeh
Qazlal
Trog
Xom

Shops:
D:6 (

Annotations:
D:5 2 transporters, GiantSquids's ghost, novice OpTm
D:6 1 runed translucent door, Crazy Yiuf


Innate Abilities, Weirdness & Mutations

You have very sharp teeth.
Your uncanny sense of smell can sniff out nearby items.
Your experience applies equally to all skills.


Message History

You feel very sick. The killer bee misses you.
The killer bee completely misses you. The necrophage misses you.
The killer bee misses you.
Fire: a) +1 shortbow (heavy)
Press: ? - help, Shift-Dir - straight line, f/p - necrophage
Aim: a necrophage (almost destroyed, 70% to hit)
You shoot an arrow. The arrow hits the necrophage!
You destroy the necrophage!
Qazlal accepts your kill.
You feel very sick. You block the killer bee's attack.
The killer bee stings you but does no damage.
The killer bee barely misses you.
Your life force feels restored.
Fire: a) +1 shortbow (heavy)
Press: ? - help, Shift-Dir - straight line, f - killer bee
Aim: a killer bee (48% to hit)
You shoot an arrow. The arrow hits the killer bee.
The killer bee is lightly wounded.
You feel sick. The killer bee stings you.
* * * LOW HITPOINT WARNING * * *
The killer bee barely misses you.
The killer bee stings you but does no damage.
Fire: a) +1 shortbow (heavy)
Press: ? - help, Shift-Dir - straight line, f/p - killer bee
Aim: a killer bee (lightly wounded, 48% to hit)
You shoot an arrow.
The arrow closely misses the killer bee.
You feel sick. The killer bee stings you.
* * * LOW HITPOINT WARNING * * *
You block the killer bee's attack. The killer bee closely misses you.
Fire: a) +1 shortbow (heavy)
Press: ? - help, Shift-Dir - straight line, f/p - killer bee
Aim: a killer bee (lightly wounded, 48% to hit)
You shoot an arrow.
The arrow closely misses the killer bee.
You feel sick. The killer bee stings you.
* * * LOW HITPOINT WARNING * * *
The killer bee stings you!
You die...

# ####......#......<.......##
###
###.......####..##.........#
.........###....##..#......#
..........###....#..##.....##
##
............##..###.........##
#.
..#.######...#.##............#
#. ....##
###..........#...#### #)
..#..#######...y.§#..###..##
##
#.#.............@.#........###
####...........§.##..........#
#.......###.......###.....####
###................z....#.#...
###.#.......#############...
###.......# ##>## #.##....
##.....###8...8##.##.≈≈.
##....###.....##....≈.)
###...#8.....8#....≈.#


You could see a killer bee.

Vanquished Creatures
  A steam dragon (D:6)
  A centaur (D:6)
  3 phantoms
  3 bullfrogs
  A necrophage (D:6)
  3 scorpions
  8 wights
  A jelly (D:5)
  A howler monkey (D:6)
  2 hounds
  3 iguanas
  3 orc wizards
  8 adders
  6 gnolls
  A white imp (D:6)
  3 ufetubi
  A worm (D:2)
  2 dart slugs
  7 orcs
  7 ball pythons
  6 endoplasms
  A giant cockroach (D:4)
  10 goblins
  2 hobgoblins
  4 jackals (D:5)
  7 quokkas
  3 bats
  A frilled lizard (D:3)
  5 kobolds
104 creatures vanquished.

Vanquished Creatures (others)
  3 plants (D:5)
3 creatures vanquished.

Grand Total: 107 creatures vanquished

Notes
Turn   | Place    | Note
-------+----------+-------------------------------------------
     0 | D:1      | billz999 the Gnoll Hunter began the quest for the Orb.
     0 | D:1      | Reached XP level 1. HP: 20/20 MP: 1/1
   311 | D:1      | Reached XP level 2. HP: 26/26 MP: 2/2
   693 | D:2      | Found a faded altar of an unknown god.
   902 | D:2      | Reached XP level 3. HP: 31/31 MP: 2/4
   955 | D:2      | Reached skill level 1 in Invocations
  1101 | D:2      | Reached skill level 1 in Short Blades
  1101 | D:2      | Reached skill level 1 in Long Blades
  1101 | D:2      | Reached skill level 1 in Axes
  1101 | D:2      | Reached skill level 1 in Maces & Flails
  1101 | D:2      | Reached skill level 1 in Polearms
  1101 | D:2      | Reached skill level 1 in Staves
  1101 | D:2      | Reached skill level 1 in Throwing
  1101 | D:2      | Reached skill level 1 in Armour
  1101 | D:2      | Reached skill level 1 in Shields
  1101 | D:2      | Reached skill level 1 in Unarmed Combat
  1101 | D:2      | Reached skill level 1 in Spellcasting
  1101 | D:2      | Reached skill level 1 in Evocations
  1318 | D:2      | Prayed at the altar of an unknown god.
  1318 | D:2      | Became a worshipper of Qazlal Stormbringer
  1318 | D:2      | Reached * piety under Qazlal
  1477 | D:3      | Reached XP level 4. HP: 38/38 MP: 5/5
  2076 | D:3      | Reached skill level 1 in Conjurations
  2076 | D:3      | Reached skill level 1 in Hexes
  2076 | D:3      | Reached skill level 1 in Summonings
  2076 | D:3      | Reached skill level 1 in Necromancy
  2076 | D:3      | Reached skill level 1 in Translocations
  2076 | D:3      | Reached skill level 1 in Transmutations
  2076 | D:3      | Reached skill level 1 in Fire Magic
  2076 | D:3      | Reached skill level 1 in Ice Magic
  2076 | D:3      | Reached skill level 1 in Air Magic
  2076 | D:3      | Reached skill level 1 in Earth Magic
  2076 | D:3      | Reached skill level 1 in Poison Magic
  2079 | D:3      | Found a sparkling altar of Nemelex Xobeh.
  2206 | D:3      | Found a burning altar of Makhleb.
  2206 | D:3      | Noticed a green death
  2372 | D:4      | Reached XP level 5. HP: 29/43 MP: 5/7
  2545 | D:4      | Found a broken altar of Ashenzari.
  2567 | D:4      | Noticed a phantom
  2571 | D:4      | Killed a phantom
  2572 | D:4      | Reached XP level 6. HP: 50/50 MP: 8/8
  2590 | D:4      | Reached ** piety under Qazlal
  2788 | D:5      | Entered Level 5 of the Dungeon
  2822 | D:5      | Reached skill level 5 in Fighting
  2822 | D:5      | Reached skill level 5 in Dodging
  2881 | D:5      | Found a transporter.
  2947 | D:5      | Noticed GiantSquids's ghost (novice OpTm)
  2948 | D:5      | Found a transporter.
  2975 | D:5      | Found a hazy altar of Hepliaklqana.
  3103 | D:5      | Found a staircase to the Ecumenical Temple.
  3178 | D:5      | Reached XP level 7. HP: 39/56 MP: 10/10
  3798 | D:5      | Reached skill level 9 in Ranged Weapons
  4012 | D:6      | Found a bloodstained altar of Trog.
  4109 | D:6      | Found a white marble altar of Elyvilon.
  4178 | D:6      | Found a runed translucent door.
  4179 | D:6      | Noticed Crazy Yiuf
  4302 | D:6      | Reached XP level 8. HP: 61/63 MP: 12/12
  4827 | D:6      | Found Giduhut's Weapon Shop.
  4865 | D:6      | Found a shimmering altar of Xom.
  5352 | D:7      | Reached XP level 9. HP: 34/69 MP: 14/14
  5693 | D:6      | Slain by a killer bee

Illustrated notes

Levels and vault maps discovered:
D:1:      dpeg_arrival_line_fractal, layout_basic
D:2:      layout_loops_ring, ebering_ecumenical_altar_hall,
          hangedman_decor_diamond_cutter
D:3:      layout_basic, nemelex_dance_club_becter, makhleb_altar_promises_db,
          serial_glass, glass_columns_a, glass_columns_b, glass_columns_b,
          glass_columns_a, glass_columns_c, glass_columns_c,
          kennysheep_generic_room_14
D:4:      layout_cave_pools, cheibrodos_ashenzari_chains
D:5:      layout_gridville, nicolae_hepliaklqana_hazy_memory,
          minmay_temple_entry_wispy, gammafunk_ghost_arena,
          serial_bayou_lagoon_a
D:6:      layout_cave_pools, mainiacjoe_overflow_24_doors,
          mainiacjoe_overflow_brackets, mainiacjoe_overflow_boulevard,
          nicolae_overflow_hidden_temple, serial_shops, shop,
          uniq_crazy_yiuf_cottage
D:7:      layout_rooms, tso_metal_star, lemuel_crystal_altar,
          kiku_gazebo_garden_becter

Skill      XL: |  1  2  3  4  5  6  7  8  9 |
---------------+----------------------------+-----
Invocations    | 1 2 3 4 |  4.4
Short Blades   | 1 2 3 4 |  4.0
Long Blades    | 1 2 3 4 |  4.0
Axes           | 1 2 3 4 |  4.0
Maces & Flails | 1 2 3 4 |  4.0
Polearms       | 1 2 3 4 |  4.0
Staves         | 1 2 3 4 |  4.0
Throwing       | 1 2 3 4 |  4.0
Armour         | 1 2 3 4 |  4.0
Shields        | 1 2 3 4 |  4.0
Unarmed Combat | 1 2 3 4 |  4.0
Spellcasting   | 1 2 3 4 |  4.0
Evocations     | 1 2 3 4 |  4.0
Conjurations   | 1 2 3 |  3.3
Hexes          | 1 2 3 |  3.3
Summonings     | 1 2 3 |  3.3
Necromancy     | 1 2 3 |  3.3
Translocations | 1 2 3 |  3.3
Transmutations | 1 2 3 |  3.3
Fire Magic     | 1 2 3 |  3.3
Ice Magic      | 1 2 3 |  3.3
Air Magic      | 1 2 3 |  3.3
Earth Magic    | 1 2 3 |  3.3
Poison Magic   | 1 2 3 |  3.3
Stealth        | 3 4 |  4.7
Fighting       | 5 6 |  6.2
Dodging        | 5 6 |  6.2
Ranged Weapons | 9 |  9.5

Action                   |  1- 3 |  4- 6 |  7- 9 || total
-------------------------+-------+-------+-------++-------
Melee: Whip              |       |       |     1 ||     1
 Fire: Shortbow          |    65 |   161 |   194 ||   420
Invok: Upheaval          |       |       |     2 ||     2
Evoke: Wand              |       |       |     6 ||     6
  Use: Scroll            |       |       |     7 ||     7
Armor: Leather armour    |     4 |     9 |    23 ||    36
Dodge: Dodged            |     6 |    44 |   139 ||   189
Block: Other             |       |     6 |    21 ||    27

Table legend: (Time is in decaauts)
 A = Elapsed time spent in this place.
 B = Non-inter-level travel time spent in this place.
 C = Inter-level travel time spent in this place.
 D = Time resting spent in this place.
 E = Time spent auto-exploring this place.
 F = Levels seen in this place.
 G = Mean time per level.
                   A        B        C        D        E       F      G
               +--------+--------+--------+--------+--------+-----+--------+
         Total |   5758 |   5421 |    337 |    822 |   3844 |   7 |  822.6 |
       Dungeon |   5758 |   5421 |    337 |    822 |   3844 |   7 |  822.6 |
               +--------+--------+--------+--------+--------+-----+--------+

Top non-repeatable levels by time:
     D:5: 1563 daAuts
     D:6: 1229 daAuts
     D:3: 902 daAuts
     D:1: 695 daAuts
     D:2: 667 daAuts
     D:4: 538 daAuts
     D:7: 162 daAuts
